 Dungeon Crawl Stone Soup version 0.13.0-19-g8e0b589 (webtiles) character file.

856 M4edhros the Unseen (level 7, 0/45 HPs)
             Began as an Octopode Artificer on Oct 26, 2013.
             Was a Follower of Zin.
             Slain by an orc wizard
             ... wielding a +0,+0 orcish mace
              (5 damage)
             ... on Level 3 of the Dungeon.
             The game lasted 00:06:19 (4491 turns).

M4edhros the Unseen (Octopode Artificer)            Turns: 4491, Time: 00:06:20

HP   0/45        AC  1     Str 10      XL: 7   Next: 76%
MP  10/10        EV 12     Int 19      God: Zin [*.....]
Gold 114         SH  0     Dex 12      Spells:  0 memorised,  6 levels left

Res.Fire  : . . .   See Invis. : .   w - +4,+2 elf spear
Res.Cold  : . . .   Warding    : .   (no shield)
Life Prot.: . . .   Conserve   : .   (helmet restricted)
Res.Poison: .       Res.Corr.  : .   (no amulet)
Res.Elec. : .       Clarity    : .   (no ring)
Sust.Abil.: . .     Spirit.Shd : .   (no ring)
Res.Mut.  : .       Stasis     : .   (no ring)
Res.Rott. : .       Flight     : .   (no ring)
Saprovore : . . .                    (no ring)
                                     (no ring)
                                     (no ring)
                                     (no ring)

@: slightly resistant to hostile enchantments, extraordinarily stealthy
A: almost no armour, amphibious, 8 rings, constrict 8, camouflage 1, mutation
resistance 1, AC +1, Int +2
a: Recite, Renounce Religion


You were on level 3 of the Dungeon.
You worshipped Zin.
Zin was aware of your devotion.
You were very hungry.

You visited 2 branches of the dungeon, and saw 6 of its levels.
You also visited: Sewer.

You collected 106 gold pieces.
You donated 12 gold pieces.

Inventory:

Hand weapons
 a - a +0,+0 short sword
 m - a +0,+1 spear of returning (quivered)
 w - a +4,+2 elven spear (weapon)
Magical devices
 b - a wand of flame (6)
 c - a wand of enslavement (14)
 d - a wand of random effects (11)
Comestibles
 f - 3 bread rations
 h - a snozzcumber
 o - an apricot
 p - a pear
Scrolls
 e - 2 scrolls of recharging
 g - 2 scrolls of random uselessness {unknown}
 i - a scroll of enchant weapon I {unknown}
 j - 6 scrolls of identify {unknown}
 k - 4 scrolls of enchant armour {unknown}
 l - 3 scrolls of teleportation {unknown}
 q - a scroll of curse armour {unknown}
 s - a scroll of remove curse {unknown}
 t - a scroll of curse weapon {unknown}
 u - a scroll of enchant weapon II {unknown}
 v - 2 scrolls of fog {unknown}
 x - 2 scrolls of magic mapping {unknown}
Potions
 n - a potion of might
 C - 2 potions of flight


   Skills:
 + Level 1.5 Fighting
 - Level 1.0 Short Blades
 + Level 0.2 Polearms
 - Level 2.0 Dodging
 + Level 15.9 Stealth
 * Level 1.8 Invocations
 - Level 3.2 Evocations


You had 6 spell levels left.
You didn't know any spells.

Dungeon Overview and Level Annotations

Branches:
Dungeon (5/27)             Temple (1/1) D:5

Altars:
Ashenzari
Elyvilon
Fedhas
Kikubaaqudgha
Makhleb
Okawaru
Sif Muna
Trog
Vehumet
Xom
Yredelemnul
Zin
the Shining One


Innate Abilities, Weirdness & Mutations

You cannot wear most types of armour.
You are amphibious.
You can wear up to eight rings at the same time.
You can use your tentacles to constrict many enemies at once.
Your skin changes colour to match your surroundings (Stlth).
Your rubbery body absorbs attacks (AC +1).
Your mind is acute. (Int +2)
You are somewhat resistant to further mutation.


Message History

Drink which item? (? for menu, Esc to quit)
You feel much better.
You hear some strange, mumbled words.
The magic dart hits you!
Drink which item? (? for menu, Esc to quit)
You feel your dexterity returning.
You hear some strange, mumbled words.
The magic dart hits you!
* * * LOW HITPOINT WARNING * * *
Evoke which item? (* to show all) (? for menu, Esc to quit)
Okay, then.
Ouch! It hits you.
* * * LOW HITPOINT WARNING * * *
You barely miss it.
You feel less confused.
Evoke which item? (* to show all) (? for menu, Esc to quit)
Zapping:
b - a wand of flame (7)
Press: ? - help, Shift-Dir - straight line, f - you This wand has 6 charges left.
It hits you.
You die...

......#.#...(.####.#
##.#..#.#.....####.#
......#.......'....#
#...#.###.....#######.#
....................# #
........>###########
##.#####........... .
##......########
.........'.@)...#
^........######.#
.......... ......#.##
.....#.# ....#.# ...#.#
#.# .


There were no monsters in sight!

Vanquished Creatures
  An orc warrior (D:5)
  An ogre (D:4)
  A big kobold (Sewer)
  A crimson imp (D:5)
  A big fish (Sewer)
  2 hounds (D:5)
  A jelly (D:5)
  An iguana (D:4)
  An orc wizard (D:4)
  A worker ant (D:5)
  An adder (D:5)
  A green rat (D:3)
  3 gnolls (D:2)
  3 giant mites (D:3)
  A worm (D:3)
  An iguana skeleton (D:5)
  A giant eyeball (D:5)
  5 giant geckos
  An ooze (D:1)
  12 orcs
  4 ball pythons
  7 bats
  2 giant cockroaches
  5 goblins
  4 grey rats
  6 hobgoblins
  15 kobolds
  2 giant newts
  2 goblin skeletons
  8 jackals
  A quokka skeleton (D:5)
  11 rats
107 creatures vanquished.

Vanquished Creatures (collateral kills)
  A gnoll (D:2)
  A bat (D:2)
2 creatures vanquished.

Grand Total: 109 creatures vanquished

Notes
Turn   | Place    | Note
--------------------------------------------------------------
     0 | D:1      | M4edhros, the Octopode Artificer, began the quest for the Orb.
     0 | D:1      | Reached XP level 1. HP: 14/14 MP: 1/1
   102 | D:1      | Reached XP level 2. HP: 6/19 MP: 3/3
   857 | D:1      | Gained mutation: You are somewhat resistant to further mutation. [potion of mutation]
   857 | D:1      | Gained mutation: Your mind is acute. (Int +2) [potion of mutation]
   860 | D:1      | Reached skill level 4 in Stealth
   862 | D:1      | Reached XP level 3. HP: 3/24 MP: 4/4
  1078 | D:1      | Reached skill level 14 in Stealth
  1078 | D:1      | Reached XP level 4. HP: 24/29 MP: 6/6
  1780 | D:3      | Reached XP level 5. HP: 26/34 MP: 7/7
  2050 | D:4      | Reached skill level 15 in Stealth
  2478 | D:4      | Noticed an ogre
  2495 | D:4      | Killed an ogre
  2495 | D:4      | Reached XP level 6. HP: 32/39 MP: 9/9
  2661 | D:5      | Entered Level 5 of the Dungeon
  3180 | D:5      | Reached XP level 7. HP: 30/44 MP: 10/10
  3338 | D:5      | Found a staircase to the Ecumenical Temple.
  3472 | D:5      | Paralysed by a giant eyeball for 2 turns
  3535 | Temple   | Entered the Ecumenical Temple
  3664 | Temple   | Became a worshipper of Zin the Law-Giver
  3664 | Temple   | Acquired Zin's first power
  3727 | D:5      | Found a bloodstained altar of Trog.
  3873 | D:3      | Found a glowing drain.
  4052 | Sewer    | Entered a sewer
  4145 | Sewer    | Reached skill level 1 in Invocations
  4319 | Sewer    | Found a white marble altar of Elyvilon.
  4491 | D:3      | Slain by an orc wizard

Action                   |  1- 3 |  4- 6 |  7- 9 || total
-------------------------+-------+-------+-------++-------
Melee: Short sword       |    32 |       |       ||    32
       Spear             |    13 |   161 |   139 ||   313
Evoke: Wand              |     2 |     9 |     3 ||    14
  Use: Potion            |     3 |     5 |     5 ||    13
 Stab: Sleeping          |     3 |    14 |    13 ||    30
       Confused          |       |     3 |       ||     3
